 Dungeon Crawl Stone Soup version 0.29-a0-919-gd064cfad1c (webtiles) character file.

Game seed: 11183657863851192709

310 ders the Magician (level 6, -3/40 HPs)
             Began as a Djinni Conjurer on July 26, 2022.
             Killed from afar by Ijyb (10 damage)
             ... with a bolt of acid
             ... on level 4 of the Dungeon.
             The game lasted 00:03:51 (3290 turns).

ders the Magician (Djinni Conjurer)                 Turns: 3290, Time: 00:03:52

Health: -3/40      AC:  5    Str:  6    XL:     6   Next: 70%
Gold:   118        EV: 12    Int: 21    God:
                   SH:  0    Dex: 12

rFire   + + .      SeeInvis .   (no weapon)
rCold   x . .      Faith    .   (no shield)
rNeg    . . .      Spirit   .   a - +0 robe
rPois   ∞          Reflect  .   (no helmet)
rElec   .          Harm     .   (no cloak)
rCorr   .          Rampage  .   e - +2 pair of gloves
Will    .....                   (boots unavailable)
Stlth   ++........              (no amulet)
HPRegen 0.13/turn               (no ring)
MPRegen 0.00/turn               (no ring)

@: flying
A: sickness immunity, fire resistance 2, cold vulnerability 1, float, innate
caster, HP casting, extra vitality 1
a: no special abilities


You were on level 4 of the Dungeon.
You visited 1 branch of the dungeon, and saw 4 of its levels.

You collected 118 gold pieces.

Inventory:

Armour
 a - a +0 robe (worn)
 e - a +2 pair of gloves (worn)
Jewellery
 m - a ring of ice
Scrolls
 b - 3 scrolls of blinking {unknown}
 l - a scroll of brand weapon {unknown}
Potions
 c - a potion of ambrosia {unknown}
 f - a potion of flight {unknown}
 g - a potion of heal wounds {unknown}
 j - a potion of berserk rage {unknown}
 n - a potion of might {unknown}


   Skills:
 - Level 2.1 Dodging
 - Level 1.5 Stealth
 + Level 5.9 Spellcasting


You couldn't memorise any spells.
You knew the following spells:

 Your Spells              Type           Power      Damage    Failure   Level
a - Magic Dart            Conj           100%       1d8       1%          1
b - Searing Ray           Conj           60%        2d6       1%          2
c - Dazzling Flash        Conj/Hex       60%        N/A       2%          3
d - Fulminant Prism       Conj/Hex       15%        3d11      9%          4
e - Iskenderun's Mystic   Conj/Tloc      30%        2d8       9%          4
f - Apportation           Tloc           60%        N/A       1%          1
g - Passwall              Tmut/Erth      25%        N/A       1%          2
Your spell library was empty.

Dungeon Overview and Level Annotations

Branches:
Dungeon (4/15)
 Temple: D:4-7

Altars:
Xom

Shops:
D:2 [

Annotations:
D:3 1 runed translucent door, snackwell's ghost, weakling DrTm
D:4 Ijyb


Innate Abilities, Weirdness & Mutations

You are immune to sickness and miasma.
You are immune to poison.
Your flesh is very heat resistant. (rF++)
You are vulnerable to cold. (rC-)
You float through the air rather than walking.
You learn spells naturally, not from books.
Your magical power is your life essence.
You have superior vitality. (+4 MHP)


Message History

The blast of energy engulfs your fulminant prism!
Your fulminant prism detonates feebly.
It was a potion of cancellation.
You feel magically purged.
Your magical contamination has completely faded away.
As you read the scroll labelled EVASSA PEBUCS, it crumbles to dust.
You hear a loud clanging noise!
It was a scroll of noise.
You hear a shout! x3
This is a scroll of acquirement!
Something appears before you!
As you read the scroll labelled VARROGGOHO, it crumbles to dust.
Wisps of shadow whirl around you...
It was a scroll of summoning.
Ijyb zaps a wand.
The bolt of acid misses you.
You reach down and open the door.
Ijyb hits you with a +3 dagger of venom.
* * * LOW HITPOINT WARNING * * *
Your gnoll barely misses Ijyb.
Your gnoll completely misses Ijyb.
Ijyb hits your ball python with a +3 dagger of venom.
Your ball python is poisoned.
Your hobgoblin barely misses Ijyb.
There is an open door here.
Your ball python closely misses Ijyb.
Your ball python grabs Ijyb.
Your ball python constricts Ijyb.
Your hobgoblin hits Ijyb but does no damage.
Ijyb hits your ball python with a +3 dagger of venom.
Your ball python dies!
Your ball python's corpse dissolves into shadows!
Your gnoll hits Ijyb but does no damage.
Casting: Fulminant Prism (quite dangerous; 9% risk of failure)
Confirm with . or Enter, or press ? or * to list all spells.
Aiming: Magic Dart (safe; 1% risk of failure)
Press: ? - help, Shift-Dir - straight line, f - Ijyb
Aim: Ijyb, wielding a +3 dagger of venom, wearing a +0 chain mail and carrying a wand of acid (8) (lightly wounded, ally target, 100% to hit)
The magic dart hits Ijyb.
Ijyb is moderately wounded.
* * * LOW HITPOINT WARNING * * *
Your hobgoblin closely misses Ijyb.
Unknown command.
Ijyb zaps a wand.
The bolt of acid hits you!
You die...

.............
.............
#.......... .
#........#######..
+........#........
#........#........
#######.......g#@.......
..............g#'#####..
.......##'##).gg...#
.......#...#.)g)...#
..)..#########)....#
.....# #).$..# .....#
#.....'. .....#
#.....### .....# #......


You could see Ijyb (ally target) and a friendly hobgoblin (summoned).

Vanquished Creatures
  A steam dragon (D:3)
  An orc priest (D:4)
  An iguana (D:4)
  4 adders
  A worm (D:3)
  3 dart slugs
  3 orcs
  14 ball pythons
  3 bats
  2 endoplasms
  10 goblins
  6 hobgoblins
  6 quokkas
  4 frilled lizards
  5 kobolds
  5 rats
  A fulminant prism (D:4)
70 creatures vanquished.

Vanquished Creatures (others)
  5 fulminant prisms (D:4)
5 creatures vanquished.

Grand Total: 75 creatures vanquished

Notes
Turn   | Place    | Note
-------+----------+-------------------------------------------
     0 | D:1      | ders the Djinni Conjurer began the quest for the Orb.
     0 | D:1      | ders set off with the following spells memorised: Magic
                  | Dart, Searing Ray, Dazzling Flash, Fulminant Prism,
                  | Iskenderun's Mystic Blast.
     0 | D:1      | Reached XP level 1. HP: 15/15 MP: 0/0
   218 | D:1      | Reached XP level 2. HP: 19/21 MP: 0/0
   912 | D:2      | Reached XP level 3. HP: 17/25 MP: 0/0
   912 | D:2      | Learned a level 1 spell: Apportation
   917 | D:2      | Reached skill level 4 in Spellcasting
  1246 | D:2      | Found a shimmering altar of Xom.
  1422 | D:2      | Found Kesmad's Armour Shop.
  1691 | D:2      | Reached XP level 4. HP: 28/31 MP: 0/0
  2211 | D:3      | Noticed a steam dragon
  2219 | D:3      | Killed a steam dragon
  2220 | D:3      | Reached skill level 5 in Spellcasting
  2220 | D:3      | Reached XP level 5. HP: 2/35 MP: 0/0
  2220 | D:3      | Learned a level 2 spell: Passwall
  2220 | D:3      | Reached XP level 6. HP: 3/40 MP: 0/0
  2534 | D:3      | Found a runed translucent door.
  2534 | D:3      | Noticed snackwell's ghost (weakling DrTm)
  3270 | D:4      | Noticed Ijyb
  3284 | D:4      | Identified a scroll of acquirement
  3284 | D:4      | Acquired a staff of conjuration
  3290 | D:4      | Killed from afar by Ijyb

Illustrated notes

Levels and vault maps discovered:
D:1:      dpeg_arrival_long_road, layout_basic
D:2:      layout_basic, basic_altar, serial_shops, nicolae_shop_hallway_stairs,
          minmay_misc_feat_roman, corexii_item_surrounded_by_moat,
          grunt_decor_mini_mirrors, minmay_tall_x
D:3:      layout_rooms, gammafunk_ghost_grave
D:4:      kennysheep_the_goblin_king, layout_gridville, nrook_loot_triangle

Skill      XL: |  1  2  3  4 |
---------------+-------------+-----
Spellcasting   | 4 5 |  5.9
Dodging        | |  2.1
Stealth        | |  1.5

Action                   |  1- 3 |  4- 6 || total
-------------------------+-------+-------++-------
 Cast: Magic Dart        |    48 |    54 ||   102
       Searing Ray       |     9 |    10 ||    19
       Fulminant Prism   |       |     6 ||     6
  Use: Scroll            |       |     3 ||     3
       Potion            |       |     1 ||     1
Armor: Robe              |     4 |       ||     4
Dodge: Dodged            |    10 |     5 ||    15

Table legend: (Time is in decaauts)
 A = Elapsed time spent in this place.
 B = Non-inter-level travel time spent in this place.
 C = Inter-level travel time spent in this place.
 D = Time resting spent in this place.
 E = Time spent auto-exploring this place.
 F = Levels seen in this place.
 G = Mean time per level.
                   A        B        C        D        E       F      G
               +--------+--------+--------+--------+--------+-----+--------+
         Total |   3290 |   3216 |     74 |    701 |   2247 |   4 |  822.5 |
       Dungeon |   3290 |   3216 |     74 |    701 |   2247 |   4 |  822.5 |
               +--------+--------+--------+--------+--------+-----+--------+

Top non-repeatable levels by time:
     D:2: 1553 daAuts
     D:1: 907 daAuts
     D:3: 556 daAuts
     D:4: 273 daAuts
